 Dungeon Crawl Stone Soup version 0.30-a0-920-g7493c07aab (webtiles) character file.

Game seed: 12350001940808375991

112 Darkkill the Shooter (level 4, 0/39 HPs)
             Began as a Minotaur Hunter on Mar 21, 2023.
             Slain by an orc wizard
             ... wielding a +0 dagger
              (1 damage)
             ... on level 3 of the Dungeon.
             The game lasted 00:02:44 (1398 turns).

Darkkill the Shooter (Minotaur Hunter)              Turns: 1398, Time: 00:02:45

Health: 0/39       AC:  3    Str: 15    XL:     4   Next: 64%
Magic:  3/3        EV: 13    Int:  6    God:
Gold:   212        SH:  0    Dex: 16    Spells: 3/3 levels left

rFire   . . .      SeeInvis .    a - +1 shortbow
rCold   . . .      Faith    .    (shield currently unavailable)
rNeg    . . .      Spirit   .    c - +0 leather armour
rPois   .          Reflect  .    (helmet restricted)
rElec   .          Rampage  .    (no cloak)
rCorr   .                        (no gloves)
Will    .....                    (no boots)
Stlth   ++                       (no amulet)
HPRegen 0.26/turn                (no ring)
MPRegen 0.08/turn                (no ring)

@: no status effects
A: horns 2, retaliatory headbutt
a: no special abilities


You were on level 3 of the Dungeon.
You visited 1 branch of the dungeon, and saw 3 of its levels.

You collected 212 gold pieces.

Inventory:

Hand Weapons
 a - a +1 shortbow (weapon)
Missiles
 f - 4 poisoned darts
 g - 16 stones
Armour
 c - a +0 leather armour (worn)
Jewellery
 n - a ring of wizardry
Scrolls
 b - 2 scrolls of immolation
 i - a scroll of torment {unknown}
 k - a scroll of magic mapping
 p - a scroll of fear {unknown}
 t - a scroll of silence
Potions
 d - a potion of attraction {unknown}
 e - 2 potions of lignification
 h - 2 potions of flight
 j - 2 potions of haste {unknown}
 l - a potion of invisibility {unknown}
 m - 2 potions of degeneration {unknown}
 o - a potion of heal wounds {unknown}
 q - a potion of ambrosia {unknown}


   Skills:
 + Level 3.6 Fighting
 + Level 5.0 Ranged Weapons
 + Level 3.3 Dodging
 + Level 2.0 Stealth


You had 3 spell levels left.
You didn't know any spells.
Your spell library contained the following spells:

 Spells                   Type           Power      Damage    Failure   Level
 Sandblast                Erth           0%         2d4       52%         1
 Passwall                 Tmut/Erth      0%         N/A       67%         2
 Dazzling Flash           Conj/Hex       0%         N/A       88%         3
 Stone Arrow              Conj/Erth      0%         3d7       88%         3
 Iskenderun's Mystic Bla  Conj/Tloc      0%         2d3       99%         4
 Starburst                Conj/Fire      0%         6d3       100%        6


Dungeon Overview and Level Annotations

Branches:
Dungeon (3/15)

Altars:
Uskayaw


Innate Abilities, Weirdness & Mutations

You have a pair of horns on your head.
You reflexively headbutt those who attack you in melee.


Message History

You are too injured to fight recklessly!
You are too injured to fight recklessly!
You are too injured to fight recklessly!
You are too injured to fight recklessly!
You are too injured to fight recklessly!
You are too injured to fight recklessly!
You are too injured to fight recklessly!
You are too injured to fight recklessly!
You are too injured to fight recklessly!
You are too injured to fight recklessly!
You are too injured to fight recklessly!
You are too injured to fight recklessly!
You are too injured to fight recklessly!
You are too injured to fight recklessly!
Fire: a) +1 shortbow
Press: ? - help, Q - select action, (/) - cycle Shift-Dir - straight line, f/p - orc
Aim: an orc, wielding a +0 hand axe and wearing a +0 chain mail (almost dead, 71% to hit)
You shoot an arrow. The arrow hits the orc.
You kill the orc!
The orc priest looks encouraged for a moment.
Fire: a) +1 shortbow
Press: ? - help, Q - select action, (/) - cycle Shift-Dir - straight line, f - hobgoblin
Aim: a hobgoblin, wielding a +0 dagger and quivering stones (64% to hit)
You shoot an arrow. The arrow hits the hobgoblin.
You kill the hobgoblin!
Fire: a) +1 shortbow
Press: ? - help, Q - select action, (/) - cycle Shift-Dir - straight line, f - orc priest
Aim: an orc priest, wielding a +0 club (severely wounded, 64% to hit)
You shoot an arrow. The arrow barely misses the orc priest.
The orc priest hits you but does no damage.
Fire: a) +1 shortbow
Press: ? - help, Q - select action, (/) - cycle Shift-Dir - straight line, f/p - orc priest
Aim: an orc priest, wielding a +0 club (severely wounded, 64% to hit)
You shoot an arrow. The arrow hits the orc priest!
You kill the orc priest!
Your Ranged Weapons skill increases to level 5!
Your Stealth skill increases to level 2!
Fire: a) +1 shortbow
Press: ? - help, Q - select action, (/) - cycle Shift-Dir - straight line, f - orc wizard
Aim: an orc wizard, wielding a +0 dagger and wearing a +0 robe (58% to hit)
You shoot an arrow. The arrow hits the orc wizard.
The orc wizard is moderately wounded.
The orc wizard gestures at you while chanting.
You resist with some effort.
Fire: a) +1 shortbow
Press: ? - help, Q - select action, (/) - cycle Shift-Dir - straight line, f/p - orc wizard
Aim: an orc wizard, wielding a +0 dagger and wearing a +0 robe (moderately wounded, 58% to hit)
You shoot an arrow. The arrow hits the orc wizard!
The orc wizard is almost dead.
Fire: a) +1 shortbow
Press: ? - help, Q - select action, (/) - cycle Shift-Dir - straight line, f/p - orc wizard
Aim: an orc wizard, wielding a +0 dagger and wearing a +0 robe (almost dead, 58% to hit)
You shoot an arrow.
The arrow closely misses the orc wizard.
The orc wizard mumbles some strange words.
The orc wizard flickers and vanishes!
Deactivating autopickup; reactivate with Ctrl-A.
Fire: a) +1 shortbow
Press: ? - help, Q - select action, (/) - cycle Shift-Dir - straight line, f - orc
Aim: an orc, wielding a +0 whip (64% to hit)
You shoot an arrow. The arrow closely misses the orc.
You hear some strange, mumbled words.
A magic dart appears from out of thin air!
The magic dart hits you!
Fire: a) +1 shortbow
Press: ? - help, Q - select action, (/) - cycle Shift-Dir - straight line, f/p - orc
Aim: an orc, wielding a +0 whip (64% to hit)
You shoot an arrow. The arrow closely misses the orc.
Something hits you. The orc hits you with a +0 whip.
* * * LOW HITPOINT WARNING * * *
Fire: a) +1 shortbow
Press: ? - help, Q - select action, (/) - cycle Shift-Dir - straight line, f/p - orc
Aim: an orc, wielding a +0 whip (64% to hit)
You shoot an arrow. The arrow barely misses the orc.
The orc hits you but does no damage.
You hear some strange, mumbled words.
A puff of flame appears from out of thin air!
The puff of flame hits you!
* * * LOW HITPOINT WARNING * * *
Fire: a) +1 shortbow
Press: ? - help, Q - select action, (/) - cycle Shift-Dir - straight line, f/p - orc
Aim: an orc, wielding a +0 whip (64% to hit)
You shoot an arrow. The arrow hits the orc.
The orc is moderately wounded.
Something hits you but does no damage. The orc misses you.
Fire: a) +1 shortbow
Press: ? - help, Q - select action, (/) - cycle Shift-Dir - straight line, f/p - orc
Aim: an orc, wielding a +0 whip (moderately wounded, 64% to hit)
You shoot an arrow. The arrow barely misses the orc.
Something hits you but does no damage. The orc barely misses you.
You furiously retaliate!
You headbutt the orc.
You kill the orc!
Fire: a) +1 shortbow
Press: ? - help, Q - select action, (/) - cycle Shift-Dir - straight line, f - orc
Aim: an orc, wielding a +0 war axe (64% to hit)
You shoot an arrow. The arrow closely misses the orc.
Something hits you.
* * * LOW HITPOINT WARNING * * *
Something hits you.
You die...

#... .. ....#.###... .
#.##...#.##.... ..
#...).......... ...
#.............. ....
.......#...... .....####
.............
...>..o{#######.....#...
#@............####
###########.......
#...#### #...# #...#
#...# #...# #...# #####


You could see an orc.

Vanquished Creatures
  An orc priest (D:3)
  2 adders
  A worm (D:3)
  A dart slug (D:3)
  4 orcs (D:3)
  5 bats
  2 endoplasms
  A giant cockroach (D:2)
  5 goblins
  7 hobgoblins
  3 quokkas
  9 ball pythons
  5 frilled lizards
  5 kobolds
  5 rats
56 creatures vanquished.

Notes
Turn   | Place    | Note
-------+----------+-------------------------------------------
     0 | D:1      | Darkkill the Minotaur Hunter began the quest for the Orb.
     0 | D:1      | Reached XP level 1. HP: 18/18 MP: 0/0
   125 | D:1      | Reached skill level 1 in Stealth
   233 | D:1      | Reached XP level 2. HP: 25/25 MP: 1/1
   947 | D:2      | Found a hide-covered altar of Uskayaw.
   960 | D:2      | Reached XP level 3. HP: 31/31 MP: 2/2
  1363 | D:3      | Reached XP level 4. HP: 38/38 MP: 3/3
  1390 | D:3      | Reached skill level 5 in Ranged Weapons
  1395 | D:3      | HP: 2/39 [something/puff of flame (8)]
  1398 | D:3      | Slain by an orc wizard

Illustrated notes

Levels and vault maps discovered:
D:1:      tarquinn_simple_flora_water_f, layout_basic
D:2:      layout_basic, basic_altar
D:3:      layout_rooms

Skill      XL: |  1  2  3  4 |
---------------+-------------+-----
Stealth        | 1 2 |  2.0
Fighting       | 3 |  3.6
Dodging        | 3 |  3.3
Ranged Weapons | 5 |  5.0

Action                     |  1- 3 |  4- 6 || total
---------------------------+-------+-------++-------
   Fire: Shortbow          |   113 |    23 ||   136
    Use: Scroll            |     8 |       ||     8
 Armour: Leather armour    |     7 |     5 ||    12
  Dodge: Dodged            |    23 |     3 ||    26

Table legend: (Time is in decaauts)
 A = Elapsed time spent in this place.
 B = Non-inter-level travel time spent in this place.
 C = Inter-level travel time spent in this place.
 D = Time resting spent in this place.
 E = Time spent auto-exploring this place.
 F = Levels seen in this place.
 G = Mean time per level.
                   A        B        C        D        E       F      G
               +--------+--------+--------+--------+--------+-----+--------+
         Total |   1437 |   1413 |     24 |    134 |   1010 |   3 |  479.0 |
       Dungeon |   1437 |   1413 |     24 |    134 |   1010 |   3 |  479.0 |
               +--------+--------+--------+--------+--------+-----+--------+

Top non-repeatable levels by time:
     D:1: 852 daAuts
     D:2: 413 daAuts
     D:3: 171 daAuts

Table legend:
 A = Kills in this place as a percentage of kills in the entire game.
 B = Kills by you in this place as a percentage of kills by you in the entire game.
 C = Kills by friends in this place as a percentage of kills by friends in the entire game.
 D = Other kills in this place as a percentage of other kills in the entire game.
 E = Experience gained in this place as a percentage of experience gained in the entire game.
 F = Experience gained in this place divided by the number of levels of this place that you have seen.
                   A       B       C       D       E      F
               +-------+-------+-------+-------+-------+----------------------
         Total | 100.0 | 100.0 |   N/A |   N/A | 100.0 |  53.7
       Dungeon | 100.0 | 100.0 |   N/A |   N/A | 100.0 |  53.7
               +-------+-------+-------+-------+-------+----------------------
